 Dungeon Crawl Stone Soup version 0.23-a0-419-g0174fd8 (console) character file.

231 toffzen the Chiller (level 5, -13/45 HPs)
             Began as a Draconian Ice Elementalist on Nov 13, 2018.
             Mangled by Pikel
             ... wielding a +1 whip of electrocution
              (15 damage)
             ... on level 2 of the Dungeon.
             The game lasted 00:17:11 (3832 turns).

toffzen the Chiller (Draconian Ice Elementalist)    Turns: 3832, Time: 00:17:12

Health: -13/45     AC:  8    Str: 11    XL:     5   Next: 73%
Magic:  7/10       EV: 12    Int: 16    God:
Gold:   202        SH:  0    Dex: 11    Spells: 3/10 levels left

rFire    . . .     SeeInvis .   a - +1 trident
rCold    . . .     Gourm    .   (no shield)
rNeg     . . .     Faith    .   (armour unavailable)
rPois    .         Spirit   .   (helmet restricted)
rElec    .         Reflect  .   (no cloak)
rCorr    .         Harm     .   q - +2 pair of gloves
MR       .....                  (no boots)
Stlth    ++........             (no amulet)
HPRegen  0.15/turn              (no ring)
MPRegen  0.12/turn              (no ring)

@: no status effects
A: unfitting armour, cold-blooded, AC +5
a: no special abilities


You were on level 2 of the Dungeon.
You were not hungry.

You visited 1 branch of the dungeon, and saw 4 of its levels.

You collected 202 gold pieces.

Inventory:

Hand Weapons
 a - a +1 trident (weapon)
Missiles
 i - 19 sling bullets
 j - 116 stones (quivered)
Armour
 q - a +2 pair of gloves (worn)
Scrolls
 c - a scroll of enchant weapon
 d - a scroll of remove curse {unknown}
 g - a scroll of enchant armour
 k - a scroll of noise {unknown}
 n - a scroll of amnesia {unknown}
 o - a scroll of fog {unknown}
Potions
 f - 2 potions of ambrosia
 h - 4 potions of curing
Comestibles
 b - 6 rations
 l - 3 chunks of flesh


   Skills:
 + Level 3.2 Fighting
 - Level 1.7 Dodging
 - Level 1.7 Stealth
 + Level 3.4 Spellcasting
 - Level 1.0 Conjurations
 + Level 1.2 Summonings
 + Level 4.3 Ice Magic


You had 3 spell levels left.
You knew the following spells:

 Your Spells              Type           Power        Failure   Level  Hunger
a - Freeze                Ice            ###.         3%          1    None
b - Throw Frost           Conj/Ice       ##....       9%          2    ##.....
c - Summon Ice Beast      Ice/Summ       ##......     50%         4    ####...

Your spell library contained the following spells:

 Spells                   Type           Power        Failure   Level  Hunger
 Ozocubu's Armour         Chrm/Ice       #.......     22%         3    ###....
 Throw Icicle             Conj/Ice       ##......     52%         4    ####...


Dungeon Overview and Level Annotations

Branches:
Dungeon (4/15)
 Temple: D:4-7

Altars:

Annotations:
D:2 Pikel
D:4 Eustachio


Innate Abilities, Weirdness & Mutations

Your plain brown scales are hard. (AC +5)
You cannot fit into any form of body armour.
You are cold-blooded and may be slowed by cold attacks.


Message History

You are electrocuted!
Pikel barely misses you.
Pikel hits you with a +1 whip of electrocution!
* * * LOW HITPOINT WARNING * * *
Okay, then.
There is a stone staircase leading up here.
Casting: Freeze (safe; 3% risk of failure)
Confirm with . or Enter, or press ? or * to list all spells.
Aiming: Freeze (safe; 3% risk of failure)
Press: ? - help, Shift-Dir - straight line, f/p - Pikel
Aim: Pikel, wielding a +1 whip of electrocution and wearing a +0 robe (heavily You freeze Pikel.
Pikel is heavily wounded.
Pikel hits you with a +1 whip of electrocution!
* * * LOW HITPOINT WARNING * * *
As you read the scroll labeled GITSENUDUO, it crumbles to dust.
It is a scroll of enchant weapon.
Your +0 trident glows red for a moment.
Pikel hits you but does no damage.
You are electrocuted!
You die...

..##....# ##.........#
####....#####..........#
...#...................#
...#<#...########.######
...#.#.#.#........#
..................#
...#..............####
.....##..######).....##
...#.###..# ##...##..##
......###.####....###..#
##..#.###...##..@K.###.#
.#..#..###.....###...#.#
.#..##.##..#.### ###.#.#
....##....##.## #.#.##
.#........[...#
#....#########
.#...#....[.#.##
###..........#
.....##.....#..#
#.......>..#
.#......#...##.#
#..........#
.#..........##.#
##.........#
....#.......##.##
#.........#
......##....##..##
#.........#


You could see Pikel.

Vanquished Creatures
  2 slaves (D:3)
  An orc priest (D:3)
  Jessica (D:2)
  Terence (D:1)
  Natasha (twice) (D:2)
  A worker ant (D:3)
  An adder (D:3)
  An ooze (D:2)
  A dart slug (D:1)
  7 leopard geckos (D:3)
  2 orcs (D:3)
  8 giant cockroaches
  8 goblins
  3 hobgoblins
  A quokka (D:3)
  2 ball pythons
  7 bats
  2 frilled lizards (D:1)
  3 kobolds
  10 rats
64 creatures vanquished.

Notes
Turn   | Place    | Note
-------+----------+-------------------------------------------
     0 | D:1      | toffzen the Draconian Ice Elementalist began the quest for
                  | the Orb.
     0 | D:1      | Reached XP level 1. HP: 14/14 MP: 3/3
   442 | D:1      | Reached XP level 2. HP: 22/22 MP: 3/5
   483 | D:1      | Reached skill level 1 in Fighting
   507 | D:1      | Learned a level 2 spell: Throw Frost
  1395 | D:2      | Noticed Terence
  1431 | D:1      | Killed Terence
  1431 | D:1      | Reached XP level 3. HP: 17/29 MP: 0/6
  1736 | D:2      | Noticed Jessica
  1740 | D:2      | Killed Jessica
  1740 | D:2      | Reached XP level 4. HP: 36/36 MP: 4/8
  1818 | D:2      | Noticed Natasha
  1827 | D:2      | Killed Natasha
  1922 | D:2      | Noticed Natasha
  2008 | D:2      | Killed Natasha
  2008 | D:2      | Reached skill level 4 in Ice Magic
  2181 | D:2      | Learned a level 4 spell: Summon Ice Beast
  2506 | D:3      | Reached XP level 5. HP: 38/42 MP: 5/9
  2839 | D:3      | Reached skill level 1 in Summonings
  3520 | D:4      | Noticed Eustachio
  3592 | D:4      | Noticed Pikel
  3592 | D:4      | Noticed a slave
  3592 | D:4      | Noticed a slave
  3592 | D:4      | Noticed a slave
  3592 | D:4      | Noticed a slave
  3619 | D:3      | Killed a slave
  3651 | D:3      | Killed a slave
  3831 | D:2      | HP: 1/45 [Pikel/+1 whip of electrocution (10)]
  3832 | D:2      | Mangled by Pikel

Vault maps used:
D:1:      psy_arrival_basics, serial_park_tiny_2, chequers_serial_rivers_large_b
D:2:      uniq_jessica, uniq_natasha, uniq_terence
D:3:      gup_sewer_entry_pipe
D:4:      minmay_hollow_rounded_squares, uniq_eustachio, uniq_pikel,
          uniq_grinder, uniq_edmund

Skill      XL: |  1  2  3  4  5 |
---------------+----------------+-----
Fighting       | 1 2 3 |  3.2
Spellcasting   | 3 |  3.4
Ice Magic      | 4 |  4.3
Summonings     | 1 |  1.2
Dodging        | |  1.7
Stealth        | |  1.7
Conjurations   | |  1.0

Action                   |  1- 3 |  4- 6 || total
-------------------------+-------+-------++-------
Melee: Unarmed           |     3 |       ||     3
       Tailslap          |     1 |     2 ||     3
       Spear             |    12 |    29 ||    41
       Trident           |       |    12 ||    12
Throw: Stone             |       |     1 ||     1
 Cast: Freeze            |    35 |    67 ||   102
       Throw Frost       |     3 |     6 ||     9
  Use: Scroll            |       |     5 ||     5
       Potion            |       |     1 ||     1
 Stab: Sleeping          |     4 |     5 ||     9
  Eat: Chunk             |     2 |     8 ||    10
Armor: Skin              |     2 |    22 ||    24
Dodge: Dodged            |    22 |    45 ||    67

Table legend:
 A = Non-vault XP
 B = Vault XP
 C = Vault XP percentage of total XP
 D = Non-vault monster count
 E = Vault monster count
 F = Vault count percentage of total count
                 A         B        C        D         E       F
            +---------+---------+-------+---------+---------+-------
      Total |     198 |     133 |  40.2 |      50 |      12 |  19.4
            +---------+---------+-------+---------+---------+-------
        D:1 |      31 |      36 |  53.7 |      22 |       1 |   4.3
        D:2 |      51 |      72 |  58.5 |       8 |       2 |  20.0
        D:3 |     116 |      25 |  17.7 |      20 |       9 |  31.0
            +---------+---------+-------+---------+---------+-------
